 Dungeon Crawl Stone Soup version 0.29.1-15-g9cfb28693d (webtiles) character file.

Game seed: 1759184493914796469

3268 Sanktem7 the Cleaver (level 9, 0/81 HPs)
             Began as a Minotaur Fighter on Mar 13, 2023.
             Was a Believer of Okawaru.
             Slain by a hog (2 damage)
             ... led by Kirke
             ... on level 12 of the Dungeon.
             The game lasted 00:14:01 (7963 turns).

Sanktem7 the Cleaver (Minotaur Fighter)             Turns: 7963, Time: 00:14:02

Health: 0/81       AC:  0    Str: 25    XL:     9   Next: 68%
Magic:  8/8        EV: 13    Int:  5    God:    Okawaru [**....]
Gold:   390        SH:  0    Dex: 10    Spells: 8/8 levels left

rFire   . . .      SeeInvis .   (weapon currently unavailable)
rCold   . . .      Faith    .   (shield currently unavailable)
rNeg    . . .      Spirit   .   (body armour currently unavailable)
rPois   .          Reflect  .   (helmet currently unavailable)
rElec   .          Harm     .   (cloak currently unavailable)
rCorr   .          Rampage  .   (gloves currently unavailable)
Will    .....                   (boots currently unavailable)
Stlth   +.........              (no amulet)
HPRegen 0.23/turn               (ring currently unavailable)
MPRegen 0.11/turn               (ring currently unavailable)

@: pig-form, slowed
A: fast, no casting, small, (horns 2), (retaliatory headbutt)
a: Renounce Religion, Heroism


You were on level 12 of the Dungeon.
You worshipped Okawaru.
Okawaru was pleased with you.
You were a filthy swine.
You visited 2 branches of the dungeon, and saw 11 of its levels.

You collected 390 gold pieces.


Innate Abilities, Weirdness & Mutations

You are a filthy swine.
You move quickly.
Your equipment is almost entirely melded.
You are incapable of wielding weapons or throwing items.
You cannot cast spells.
((You have a pair of horns on your head.))
((You reflexively headbutt those who attack you in melee.))


   Skills:
 + Level 8.1 Fighting
 * Level 10.6 Axes
 + Level 8.3 Armour
 + Level 8.2 Shields


You had 8 spell levels left.
You didn't know any spells.
Your spell library contained the following spells:

 Spells                   Type           Power      Damage    Failure   Level
 Apportation              Tloc           0%         N/A       47%         1
 Necrotise                Necr           0%         1d4       47%         1
 Summon Small Mammal      Summ           Unusable   N/A       N/A         1

Inventory:

Hand Weapons
 p - a +3 war axe (melded) {axe}
   (You found it on level 2 of the Dungeon)
 J - a +2 flail of draining {mace}
   (You took it off an orc on level 8 of the Dungeon)
Missiles
 e - 19 stones (quivered) {throwing}
 w - 8 poisoned darts {throwing}
 F - a curare-tipped dart {=fthrowing}
Armour
 c - a +0 buckler
 f - a +2 pair of gloves (melded)
   (You found it on level 5 of the Dungeon)
 m - a +2 cloak (melded)
   (You found it on level 1 of the Dungeon)
 r - a +0 pair of boots (melded)
   (You found it on level 2 of the Dungeon)
 C - a +0 plate armour (melded)
   (You found it on level 5 of the Dungeon)
 E - a +2 hat (melded)
   (You found it on level 5 of the Dungeon)
 L - a +0 kite shield (melded)
   (You found it on level 8 of the Dungeon)
Jewellery
 o - a +6 ring of intelligence (melded)
   (You found it on level 2 of the Dungeon)
 K - the ring of Egomania (melded) {rC+ SInv}
   (You found it on level 8 of the Dungeon)

   [ring of protection from cold]

   rC:        It protects you from cold.
   SInv:      It lets you see invisible.
Wands
 i - a wand of iceblast (9)
   (You found it on level 8 of the Dungeon)
 k - a wand of flame (33)
   (You took it off a goblin on level 2 of the Dungeon)
 I - a wand of polymorph (13)
   (You found it on level 7 of the Dungeon)
Scrolls
 h - 4 scrolls of vulnerability {!r!r}
 n - 4 scrolls of teleportation {@r4}
 u - 4 scrolls of magic mapping {!r}
 v - 3 scrolls of fear
 y - 2 scrolls of poison {!r}
 D - a scroll of noise {!r}
 G - 2 scrolls of butterflies
 H - 3 scrolls of identify {@r1}
Potions
 a - 2 potions of curing {@q1}
 b - a potion of heal wounds {unknown}
 d - a potion of might
 g - 4 potions of haste {@q3}
 j - 3 potions of lignification {unknown}
 l - a potion of resistance {unknown}
 q - 2 potions of attraction {!q}
 s - 2 potions of cancellation
 t - 3 potions of mutation {unknown}
 x - 2 potions of invisibility {unknown}
 z - a potion of brilliance {unknown}
 A - a potion of flight {unknown}
 B - 3 potions of degeneration {unknown}

Dungeon Overview and Level Annotations

Branches:
Dungeon (9/15) Zot: 26933  Temple (1/1) D:7 Zot: 5963
   Lair: D:8-11         Orc: D:9-12

Altars:
Ashenzari
Cheibriados
Dithmenos
Elyvilon
Fedhas
Gozag
Hepliaklqana
Kikubaaqudgha
Makhleb
Nemelex Xobeh
Okawaru
Qazlal
Ru
Sif Muna
Trog
Uskayaw
Vehumet
Wu Jian
Xom
Yredelemnul
Zin

Shops:
D:6 :[(

Annotations:
D:12 Kirke
Temple 2 transporters

#.h... h.!h### ....[.#
#########W.....#
####....†.hhhT....#
#.....W##########..
#####....h.###########
#.......hHh...........
#.......[hh...#######.
#.......#.....###
#########.......#
#.......# #.......#
#########


You could see a sphinx (summoned), 4 hogs and a wraith.


Message History

Kirke summons a sphinx!
You barely miss the sphinx. You block the sphinx's attack.
The sphinx barely misses you. The sphinx hits you but does no damage.
Kirke whispers, "Not even holy moly will save you."
You hit the sphinx. You headbutt the sphinx. The sphinx barely misses you.
The sphinx hits you! You block the sphinx's attack. 😕 HP[-7]
You take 7 damage, and now have 74/81 hp.
You hit the sphinx. The sphinx hits you.
You block the sphinx's attack. x2 😕 HP[-1]
You take 1 damage, and now have 73/81 hp.
You slash the sphinx! You headbutt the sphinx! You block the sphinx's attack.
The sphinx hits you but does no damage. x2 😕 HP[+1]
You slash the sphinx!
The sphinx mumbles some strange words.
You feel yourself slow down.
A wraith comes into view.
The sphinx hits you but does no damage. You block the sphinx's attack.
The sphinx barely misses you.
You hit the sphinx.
The sphinx mumbles some strange words.
You are confused.
You hit the sphinx but do no damage.
You headbutt the sphinx, but do no damage.
The sphinx casts a spell.
You are more confused.
The sphinx hits you but does no damage. The sphinx hits you.
The sphinx hits you but does no damage. 😕 HP[-4]
You take 4 damage, and now have 70/81 hp.
You slash the sphinx! You headbutt the sphinx! The sphinx hits you.
The sphinx hits you but does no damage. The sphinx barely misses you.
The sphinx casts a spell.
Something smites you! 😮 HP[-10]
You take 10 damage, and now have 60/81 hp.
The sphinx mumbles some strange words.
You suddenly lose the ability to move!
The sphinx mumbles some strange words.
You shrug off the repeated paralysis!
You can move again. 😕 HP[+1]
The sphinx mumbles some strange words.
You feel as though you will be slow longer.
The sphinx casts a spell.
You barely resist. You miss Kirke. Your headbutt misses Kirke.
You barely miss the sphinx. The sphinx barely misses you. The sphinx hits you.
The sphinx hits you but does no damage. Kirke gestures at you while chanting.
You barely resist. The sphinx hits you.
The sphinx hits you but does no damage. x2
Kirke hits you but does no damage. 😮 HP[-5]
You take 5 damage, and now have 56/81 hp.
You feel less confused.
The sphinx casts a spell.
You barely resist.
Aiming: Iceblast
Press: ? - help, Q - select action, (/) - cycle Shift-Dir - straight line, f - hog, p - hog
Aim: a hog That beam is likely to hit you.
Continue anyway?
The mass of ice explodes!
The iceblast engulfs the hog!
The iceblast engulfs the hog!!
The iceblast engulfs Kirke!
The iceblast engulfs the sphinx!!
The iceblast engulfs the hog!
The iceblast engulfs you but does no damage.
Kirke casts a spell at you.
You turn into a filthy swine.
Your +3 war axe {axe} melds into your body.
Your +2 cloak melds into your body.
Your +2 hat melds into your body.
Your +2 pair of gloves melds into your body.
Your +0 pair of boots melds into your body.
Your +0 kite shield melds into your body.
Your +0 plate armour melds into your body.
Your +6 ring of intelligence melds into your body.
The ring of Egomania {rC+ SInv} melds into your body.
You feel stupid. The sphinx hits you. The sphinx hits you! The sphinx hits you.
The hog misses you. Something hits you!
* * * LOW HITPOINT WARNING * * *
Deactivating autopickup; reactivate with Ctrl-A. 😨 HP[-22]
You take 22 damage, and now have 34/81 hp.
MASSIVE DAMAGE!! (PAUSE)
The sphinx attacks as you move away! The sphinx closely misses you.
The sphinx hits you.
* * * LOW HITPOINT WARNING * * *
The sphinx misses you. The hog barely misses you. The hog bites you!
* * * LOW HITPOINT WARNING * * *
The sphinx hits you!
* * * LOW HITPOINT WARNING * * *
The sphinx closely misses you. x2 😱 HP[-33]
You take 33 damage, and now have 1/81 hp.
MASSIVE DAMAGE!! (PAUSE)
You feel better. The hog bites you.
* * * LOW HITPOINT WARNING * * *
The hog bites you.
You die...

Skill      XL: |  1  2  3  4  5  6  7  8  9 |
---------------+----------------------------+-----
Axes           | 3 4 5 6 7 9 10 | 10.6
Fighting       | 4 5 6 7 8 |  8.1
Armour         | 4 5 6 7 8 |  8.3
Shields        | 4 5 6 7 8 |  8.2

Action                   |  1- 3 |  4- 6 |  7- 9 || total
-------------------------+-------+-------+-------++-------
Melee: War axe           |    48 |   117 |   198 ||   363
       Headbutt          |     9 |    11 |    39 ||    59
Evoke: Wand              |       |       |     6 ||     6
  Use: Scroll            |       |     6 |     6 ||    12
       Potion            |       |       |     1 ||     1
Armor: Scale mail        |    23 |    21 |       ||    44
       Chain mail        |       |    47 |    25 ||    72
       Plate armour      |       |       |   109 ||   109
Dodge: Dodged            |    25 |    37 |    65 ||   127
Block: Buckler           |     8 |    32 |    33 ||    73
       Kite shield       |       |       |    26 ||    26

Levels and vault maps discovered:
D:1:      arrival_aquarium_b, layout_loops_ring, ebering_ecumenical_altar_hall
D:2:      layout_loops_ring, basic_altar, uniq_jessica
D:3:      layout_loops_corners
D:4:      minmay_chambers_of_fours, layout_basic, serial_shops,
          nicolae_shop_stone, uniq_blork_the_orc
D:5:      layout_basic, mainiacjoe_overflow_big_doors, serial_rivers,
          chequers_serial_rivers_micro_d, chequers_serial_rivers_small_b,
          chequers_serial_rivers_micro_c, chequers_serial_rivers_micro_c,
          serial_bayou_pond_b
D:6:      layout_rooms, serial_shops, nicolae_shop_bloodbath_and_beyond,
          nicolae_shop_hallway_stairs, shop, uniq_maggie
D:7:      layout_loops_ring, mainiacjoe_overflow_24_doors,
          minmay_temple_entry_gardened_gates, sigmund_edmund_badplayer
D:8:      layout_basic, mainiacjoe_overflow_alcove_4, lemuel_tele_altar
D:9:      layout_long_grid
D:12:     layout_basic, uniq_kirke
Temple:   hellmonk_temple_divided_pantheon

Notes
Turn   | Place    | Note
-------+----------+-------------------------------------------
     0 | D:1      | Sanktem7 the Minotaur Fighter began the quest for the Orb.
     0 | D:1      | Reached XP level 1. HP: 19/19 MP: 0/0
     0 | D:1      | magus.rc [v1.9.6]
     3 | D:1      | Noticed an electric eel
     4 | D:1      | Noticed an electric eel
   372 | D:1      | Reached XP level 2. HP: 27/27 MP: 1/1
   440 | D:1      | Reached skill level 3 in Axes
   571 | D:1      | You pick up a book of Cantrips and begin reading...
   571 | D:1      | You add the spells Necrotise, Summon Small Mammal and
                  | Apportation to your library.
   611 | D:1      | Found a faded altar of an unknown god.
   880 | D:2      | Reached skill level 4 in Fighting
   880 | D:2      | Reached skill level 4 in Armour
   880 | D:2      | Reached skill level 4 in Shields
   880 | D:2      | Reached XP level 3. HP: 29/33 MP: 2/2
  1043 | D:2      | Found a radiant altar of Vehumet.
  1271 | D:2      | Noticed Jessica
  1277 | D:2      | Killed Jessica
  1278 | D:2      | Reached XP level 4. HP: 37/40 MP: 3/3
  1670 | D:3      | You pick up a book of Cantrips and begin reading...
  1734 | D:3      | Reached skill level 4 in Axes
  1841 | D:3      | Reached XP level 5. HP: 19/47 MP: 4/4
  2840 | D:4      | Found Enety's Assorted Antiques.
  3154 | D:4      | Reached skill level 5 in Axes
  3384 | D:4      | Noticed Blork the orc
  3391 | D:4      | Killed Blork the orc
  3392 | D:4      | Reached XP level 6. HP: 49/55 MP: 5/5
  3614 | D:4      | Identified the +5 dagger "String" {drain, rN+ Int+3 Dex+2}
  3747 | D:5      | Entered Level 5 of the Dungeon
  3755 | D:5      | Reached skill level 5 in Armour
  3758 | D:5      | Reached skill level 5 in Shields
  3766 | D:5      | Reached skill level 5 in Fighting
  4004 | D:5      | Reached skill level 6 in Axes
  4020 | D:5      | Identified a +0 robe of the Archmagi
  4023 | D:5      | Reached XP level 7. HP: 61/61 MP: 6/6
  4495 | D:5      | Found a blossoming altar of Fedhas.
  4503 | D:5      | Found a hazy altar of Hepliaklqana.
  4680 | D:6      | Found Vafifa's Book Emporium.
  4699 | D:6      | Reached skill level 7 in Axes
  4737 | D:6      | Reached skill level 6 in Armour
  4737 | D:6      | Reached skill level 6 in Shields
  4748 | D:6      | Reached skill level 6 in Fighting
  4920 | D:6      | Found Feodiodd's Weapon Emporium.
  4922 | D:6      | Noticed Maggie
  4936 | D:6      | Killed Maggie
  4937 | D:6      | Reached XP level 8. HP: 42/71 MP: 7/7
  5085 | D:6      | Found Gozxerao's Antique Armour Shop.
  5093 | D:6      | Reached skill level 8 in Axes
  5316 | D:6      | magus.rc [v1.9.6]
  5445 | D:7      | Found a staircase to the Ecumenical Temple.
  5451 | Temple   | Entered the Ecumenical Temple
  5451 | Temple   | Found a transporter.
  5451 | Temple   | Found a transporter.
  5453 | Temple   | Found a transporter.
  5453 | Temple   | Found a transporter.
  5467 | Temple   | Became a worshipper of Warmaster Okawaru
  5564 | D:7      | Reached skill level 7 in Armour
  5723 | D:7      | Reached skill level 7 in Shields
  5840 | D:7      | Found a radiant altar of Vehumet.
  5932 | D:7      | Reached skill level 7 in Fighting
  5932 | D:7      | Reached skill level 9 in Axes
  6181 | D:7      | Noticed Sigmund
  6190 | D:7      | Killed Sigmund
  6190 | D:7      | Reached * piety under Okawaru
  6191 | D:7      | Reached XP level 9. HP: 76/79 MP: 8/8
  6214 | D:7      | Noticed Edmund
  6226 | D:7      | Killed Edmund
  6615 | D:8      | Identified the ring of Egomania {rC+ SInv}
  6648 | D:8      | Found an ancient bone altar of Kikubaaqudgha.
  6869 | D:8      | Reached skill level 10 in Axes
  7209 | D:8      | Found a stormy altar of Qazlal.
  7499 | D:9      | Noticed a two-headed ogre
  7508 | D:9      | HP: 19/80 [two-headed ogre/+0 giant spiked club (20)]
  7508 | D:9      | HP: 1/80 [two-headed ogre/+0 giant spiked club (18)]
  7905 | D:9      | You fall into a shaft and drop 3 floors!
  7907 | D:12     | Noticed a troll
  7913 | D:12     | Killed a troll
  7914 | D:12     | Reached skill level 8 in Armour
  7914 | D:12     | Reached skill level 8 in Shields
  7933 | D:12     | Noticed Kirke
  7940 | D:12     | Reached skill level 8 in Fighting
  7945 | D:12     | Noticed a troll
  7946 | D:12     | Reached ** piety under Okawaru
  7947 | D:12     | Noticed a sphinx
  7955 | D:12     | Paralysed by a sphinx for 2 turns
  7962 | D:12     | HP: 18/81 [hog[Kirke] (14)]
  7962 | D:12     | HP: 1/81 [sphinx[Kirke] (17)]
  7963 | D:12     | Slain by a hog

Vanquished Creatures
  Maggie (D:6)
  A troll (D:12)
  Sigmund (D:7)
  2 hogs (D:12)
  A steam dragon (D:8)
  Edmund (D:7)
  An acid dragon (D:9)
  A water moccasin (D:6)
  2 ogres
  A centaur (D:7)
  A kobold brigand (D:6)
  Blork the orc (D:4)
  3 bullfrogs
  2 necrophages (D:5)
  2 scorpions
  3 wights (D:8)
  A howler monkey (D:7)
  5 hounds
  8 orc priests
  3 iguanas (D:5)
  Jessica (D:2)
  A gnoll bouda (D:5)
  3 orc wizards
  6 gnolls
  7 adders
  2 shadow imps (D:6)
  3 white imps
  2 ufetubi
  2 worms
  31 orcs
  5 ball pythons
  2 bats (D:3)
  4 endoplasms
  4 giant cockroaches
  12 goblins
  7 hobgoblins
  10 kobolds
  2 quokkas
  A frilled lizard (D:3)
  5 rats (D:1)
151 creatures vanquished.

Vanquished Creatures (others)
  2 plants (D:5)
2 creatures vanquished.

Grand Total: 153 creatures vanquished

Table legend:
 A = Non-vault XP
 B = Vault XP
 C = Vault XP percentage of total XP
 D = Non-vault monster count
 E = Vault monster count
 F = Vault count percentage of total count
                 A         B        C        D         E       F
            +---------+---------+-------+---------+---------+-------
      Total |    3229 |    1440 |  30.8 |     135 |      16 |  10.6
            +---------+---------+-------+---------+---------+-------
        D:1 |      29 |       0 |   0.0 |      18 |       0 |   0.0
        D:2 |      48 |      37 |  43.5 |      12 |       1 |   7.7
        D:3 |     133 |       0 |   0.0 |      25 |       0 |   0.0
        D:4 |      81 |     118 |  59.3 |      12 |       7 |  36.8
        D:5 |     490 |     122 |  19.9 |      17 |       3 |  15.0
        D:6 |     604 |     370 |  38.0 |      15 |       1 |   6.2
        D:7 |     746 |     397 |  34.7 |      21 |       2 |   8.7
        D:8 |     627 |       0 |   0.0 |      13 |       0 |   0.0
        D:9 |     159 |       0 |   0.0 |       1 |       0 |   0.0
       D:12 |     312 |     396 |  55.9 |       1 |       2 |  66.7
            +---------+---------+-------+---------+---------+-------

Illustrated notes

Table legend:
 A = Kills in this place as a percentage of kills in entire the game.
 B = Kills by you in this place as a percentage of kills by you in the entire game.
 C = Kills by friends in this place as a percentage of kills by friends in the entire game.
 D = Other kills in this place as a percentage of other kills in the entire game.
 E = Experience gained in this place as a percentage of experience gained in the entire game.
 F = Experience gained in this place divided by the number of levels of this place that you have seen.
                   A       B       C       D       E      F
               +-------+-------+-------+-------+-------+----------------------
         Total | 100.0 | 100.0 |   N/A |   N/A | 100.0 | 424.5
       Dungeon | 100.0 | 100.0 |   N/A |   N/A | 100.0 | 466.9
               +-------+-------+-------+-------+-------+----------------------

Table legend: (Time is in decaauts)
 A = Elapsed time spent in this place.
 B = Non-inter-level travel time spent in this place.
 C = Inter-level travel time spent in this place.
 D = Time resting spent in this place.
 E = Time spent auto-exploring this place.
 F = Levels seen in this place.
 G = Mean time per level.
                   A        B        C        D        E       F      G
               +--------+--------+--------+--------+--------+-----+--------+
         Total |   8058 |   7716 |    342 |    510 |   6076 |  11 |  732.5 |
       Dungeon |   8021 |   7679 |    342 |    510 |   6076 |  10 |  802.1 |
        Temple |     36 |     36 |      0 |      0 |      0 |   1 |   36.0 |
               +--------+--------+--------+--------+--------+-----+--------+

Top non-repeatable levels by time:
     D:8: 1461 daAuts
     D:3: 1156 daAuts
     D:4: 957 daAuts
     D:5: 950 daAuts
     D:7: 950 daAuts
     D:1: 884 daAuts
     D:2: 800 daAuts
     D:6: 765 daAuts
    D:12: 64 daAuts
  Temple: 36 daAuts
     D:9: 31 daAuts
